AoeStats
← CroCkeR

Arena

507713872Analyzed
4v4 RM · 13d ago on Sep 19, 2026· 14m 26s· 8 players
Game mode
Random Map
Map size
Large (8 player)
Population
200
Speed
Normal
Resources
Standard
Victory
Conquest
Starting age
Dark Age
Ending age
Imperial Age
RankedLock teamsTeams togetherTeam positionsShared explorationLock speedFull tech treeHidden civsTurbo modeCheats
Victory
Defeat
🇫🇷 Saracens · France
1448
+15
🇯🇵 Goths · Japan
1420
+16
🇹🇼 Ethiopians · Taiwan
1380
+18
🇨🇳 Franks · China
1329
+20
🇹🇷 Burgundians · Türkiye
1448
-18
🇹🇷 Khmer · Türkiye
1446
-18
🇩🇪 Slavs · Germany
1414
-17
🇩🇪 Hindustanis · Germany
1401
-16
Laljia
10:10 Feudal Age
15:36 Castle Age
CBRM
5:30 Double-Bit Axe
8:42 Loom
10:44 Feudal Age
15:54 Castle Age
13:51 Horse Collar
14:39 Bow Saw
CroCkeR
10:49 Feudal Age
15:28 Castle Age
13:32 Horse Collar
BIZZ9 | Martin
12:36 Feudal Age
深秋
11:40 Feudal Age
15:47 Castle Age
13:45 Double-Bit Axe
poplin
11:00 Feudal Age
14:55 Castle Age
13:06 Double-Bit Axe
14:19 Horse Collar
Adams1491
10:29 Feudal Age
14:51 Castle Age
13:31 Horse Collar
13:39 Double-Bit Axe
JOK3R_LSR
10:52 Feudal Age
14:44 Castle Age
13:01 Double-Bit Axe
13:27 Horse Collar
Connection lost

Rejoining the realm…

Still unreachable

The connection could not be restored.

Session expired

The server has moved on; the page needs a fresh start.